 Dungeon Crawl Stone Soup version 0.31-a0-198-g2ad674f65e (webtiles) character file.

Game seed: 5578855143476561574

32 qw the Shooter (level 3, -1/20 HPs)
             Began as a Deep Elf Hunter on June 25, 2023.
             Slain by Terence
             ... wielding a +0 trident
              (9 damage)
             ... on level 3 of the Dungeon.
             The game lasted 00:00:25 (1333 turns).

qw the Shooter (Deep Elf Hunter)                    Turns: 1333, Time: 00:00:25

Health: -1/20      AC:  3    Str: 10    XL:     3   Next: 8%
Magic:  5/5        EV: 12    Int: 13    God:
Gold:   29         SH:  0    Dex: 18    Spells: 2/2 levels left

rFire   . . .        Y - +0 shortbow (flame)
rCold   + . .        (shield currently unavailable)
rNeg    . . .        c - +0 leather armour
rPois   .            (no helmet)
rElec   .            (no cloak)
rCorr   .            (no gloves)
SInv    .            (no boots)
Will    .....        (no amulet)
Stlth   ++           a - ring of protection from cold
HPRegen 0.23/turn    (no ring)
MPRegen 0.09/turn

%: no passive effects
@: no status effects
A: no striking features
a: no special abilities


You were on level 3 of the Dungeon.
You visited 1 branch of the dungeon, and saw 3 of its levels.

You collected 71 gold pieces.
You spent 42 gold pieces at shops.


   Skills:
 - Level 1.5 Fighting
 + Level 6.7 Ranged Weapons
 - Level 2.4 Dodging
 - Level 1.2 Stealth


You had 2 spell levels left.
You didn't know any spells.
Your spell library was empty.

Inventory:

Hand Weapons
 Y - a +0 shortbow of flaming (weapon)
Armour
 c - a +0 leather armour (worn)
 e - a +0 scale mail
Jewellery
 a - a ring of protection from cold (left hand)
Scrolls
 b - 2 scrolls of identify
Potions
 d - a potion of magic {unknown}
 f - 2 potions of curing
 g - a potion of ambrosia {unknown}
 h - a potion of brilliance {unknown}

Dungeon Overview and Level Annotations

Branches:
Dungeon (3/15)

Altars:

Shops:
D:3 !

Annotations:
D:3 Terence


Message History

e - a +0 scale mail You see here a +2 dagger of speed.
You now have 29 gold pieces (gained 6).
Found a stone staircase leading down.
Terence the Incautious comes into view.
He is wielding a +0 trident.
Enter note: You shoot an arrow.
The arrow hits Terence.
The arrow burns Terence.
Terence shouts!
Terence is lightly wounded.
You shoot an arrow. The arrow hits Terence.
The arrow burns Terence.
Terence is heavily wounded.
Terence drinks a potion.
Terence is healed!
You shoot an arrow.
The arrow hits Terence but does no damage.
You shoot an arrow. The arrow barely misses Terence.
You shoot an arrow. The arrow closely misses Terence.
You shoot an arrow. The arrow hits Terence.
The arrow burns Terence.
Terence is heavily wounded.
Terence barely misses you.
You shoot an arrow. The arrow hits Terence.
The arrow burns Terence.
Terence is severely wounded.
Terence misses you.
You shoot an arrow. The arrow hits Terence.
The arrow burns Terence.
Terence is almost dead.
Terence closely misses you.
You shoot an arrow.
The arrow hits Terence but does no damage.
Terence is almost dead.
Terence hits you from afar with a +0 trident.
You shoot an arrow. The arrow completely misses Terence.
Terence hits you from afar with a +0 trident!
Enter note:
1332 ||| UPGRADING to +0 scale mail.
Terence says, "Rest in peace."
Terence hits you from afar with a +0 trident.
You stop removing your armour.
1333 ||| UPGRADING to +0 scale mail.
Terence hits you from afar with a +0 trident!
You stop removing your armour.
You die...

... # ... ##### ....
....### ..... ###...#
##..... #####.####
.@.....
#........########...###.
#...............@.......
.........########...#...
.######### ...# # ...#
####


You could see Terence.

Vanquished Creatures
  A worm (D:2)
  3 ball pythons
  An endoplasm (D:1)
  5 giant cockroaches
  A goblin (D:3)
  3 hobgoblins
  3 jackals (D:1)
  A quokka (D:2)
  2 bats (D:2)
  A frilled lizard (D:1)
  A kobold (D:1)
  3 rats
25 creatures vanquished.

Notes
Turn   | Place    | Note
-------+----------+-------------------------------------------
     0 | D:1      | qw the Deep Elf Hunter began the quest for the Orb.
     0 | D:1      | Reached XP level 1. HP: 12/12 MP: 3/3
     0 | D:1      | 0 ||| qw: Version: 0.3-a-22-g0ed2b0b
     0 | D:1      | 0 ||| qw: Game counter: 5035
     0 | D:1      | 0 ||| qw: Melee chars always use a shield: true
     0 | D:1      | 0 ||| qw: God list: Okawaru
     0 | D:1      | 0 ||| qw: Allow faded altars: false
     0 | D:1      | 0 ||| qw: Do Orc after clearing Dungeon:15 true
     0 | D:1      | 0 ||| qw: Do second Lair branch before Depths: true
     0 | D:1      | 0 ||| qw: Lair rune preference: random
     0 | D:1      | 0 ||| qw: Goals: Normal
     0 | D:1      | 0 ||| PLANNING D:1-11
   385 | D:1      | HP: 3/12 [jackal (3)]
   386 | D:1      | Reached skill level 6 in Ranged Weapons
   386 | D:1      | Reached XP level 2. HP: 4/16 MP: 4/4
   805 | D:1      | 805 ||| READING scroll labelled XEOGYK ITWUJA.
   806 | D:1      | 806 ||| READING scroll labelled ANODOEMACU.
   807 | D:1      | 807 ||| READING scroll labelled TOENO OLAIFO.
   807 | D:1      | Identified a scroll of acquirement
   807 | D:1      | 807 ||| ACQUIRING ring of protection from cold
   807 | D:1      | Acquired a ring of protection from cold
   809 | D:1      | 809 ||| UPGRADING to ring of protection from cold.
   810 | D:1      | 810 ||| DROPPING scroll of butterflies.
  1065 | D:2      | Found a faded altar of an unknown god.
  1169 | D:2      | 1169 ||| DROPPING +6 ring of intelligence.
  1170 | D:2      | 1170 ||| READING scroll labelled MAGGEDUDEOTS.
  1171 | D:2      | 1171 ||| READING scroll labelled CIUN GIUMI.
  1172 | D:2      | 1172 ||| READING scroll labelled VETAUXASTRA.
  1173 | D:2      | 1173 ||| READING scroll labelled KAMAUX ZAUBB.
  1178 | D:2      | 1178 ||| READING scroll labelled FASIWAETAG.
  1179 | D:2      | 1179 ||| READING scroll labelled WIAXKEWING.
  1198 | D:3      | Found Weudgh's Distillery.
  1206 | D:3      | Reached XP level 3. HP: 20/20 MP: 5/5
  1213 | D:3      | 1213 ||| BUYING potion of curing (42 gold).
  1213 | D:3      | Bought a potion of curing for 42 gold pieces
  1213 | D:3      | 1213 ||| SHOPLISTING potion of haste (140 gold, have 23).
  1213 | D:3      | 1213 ||| SHOPLISTING potion of might (56 gold, have 23).
  1321 | D:3      | Noticed Terence
  1332 | D:3      | 1332 ||| UPGRADING to +0 scale mail.
  1333 | D:3      | 1333 ||| UPGRADING to +0 scale mail.
  1333 | D:3      | Slain by Terence

Levels and vault maps discovered:
D:1:      giann_horns, layout_basic
D:2:      layout_rooms, dreamdust_ecumenical_altar_statues
D:3:      layout_basic, serial_shops, shop, uniq_terence

Skill      XL: |  1 |
---------------+----+-----
Ranged Weapons | 6 |  6.7
Fighting       | |  1.5
Dodging        | |  2.4
Stealth        | |  1.2

Action                     || total
---------------------------++-------
   Fire: Shortbow          ||    72
    Use: Scroll            ||     9
 Armour: Leather armour    ||     2
  Dodge: Dodged            ||    11

Table legend:
 A = Non-vault XP
 B = Vault XP
 C = Vault XP percentage of total XP
 D = Non-vault monster count
 E = Vault monster count
 F = Vault count percentage of total count
                 A         B        C        D         E       F
            +---------+---------+-------+---------+---------+-------
      Total |      46 |       0 |   0.0 |      25 |       0 |   0.0
            +---------+---------+-------+---------+---------+-------
        D:1 |      22 |       0 |   0.0 |      13 |       0 |   0.0
        D:2 |      17 |       0 |   0.0 |       8 |       0 |   0.0
        D:3 |       7 |       0 |   0.0 |       4 |       0 |   0.0
            +---------+---------+-------+---------+---------+-------
